 Dungeon Crawl Stone Soup version 0.31-a0-819-gf6de2f5ab6 (webtiles) character file.

Game seed: 11145275102199172222

130 qw the Shooter (level 5, -2/32 HPs)
             Began as a Gargoyle Hunter on Sept 23, 2023.
             Slain by a kobold
             ... wielding a +0 whip
              (3 damage)
             ... on level 6 of the Dungeon.
             The game lasted 00:00:38 (1502 turns).

qw the Shooter (Gargoyle Hunter)                    Turns: 1502, Time: 00:00:38

Health: -2/32      AC: 13    Str: 15    XL:     5   Next: 13%
Magic:  5/5        EV: 11    Int:  9    God:
Gold:   161        SH:  0    Dex: 15    Spells: 4/4 levels left

rFire   + . .        Y - +0 shortbow
rCold   . . .        (shield currently unavailable)
rNeg    + . .        c - +0 leather armour
rPois   inf          l - +2 helmet
rElec   +            (no cloak)
rCorr   .            e - +0 pair of gloves
SInv    .            (no boots)
Will    .....        (no amulet)
Stlth   ++           (no ring)
HPRegen 0.25/turn    (no ring)
MPRegen 0.09/turn

%: no passive effects
@: no status effects
A: sickness immunity, AC +4, negative energy resistance 1, electricity
resistance, torment resistance 1, petrification resistance, iridescent scales 1,
fire resistance 1
a: no special abilities


You were on level 6 of the Dungeon.
You visited 1 branch of the dungeon, and saw 4 of its levels.

You collected 161 gold pieces.


Innate Abilities, Weirdness & Mutations

You are immune to sickness and miasma.
Your stone body is resilient. (AC +4)
You are immune to poison.
You resist negative energy. (rN+)
You are resistant to electric shocks. (rElec)
You are resistant to unholy torment.
You are immune to petrification.
You are partially covered in iridescent scales. (AC +2)
Your flesh is heat resistant. (rF+)


   Skills:
 - Level 3.0 Fighting
 + Level 5.1 Ranged Weapons
 - Level 3.0 Armour
 - Level 1.5 Dodging
 - Level 1.1 Stealth


You had 4 spell levels left.
You didn't know any spells.
Your spell library was empty.

Inventory:

Hand Weapons
 Y - a +0 shortbow (weapon)
Armour
 c - a +0 leather armour (worn)
 d - the +5 ring mail of Cunabb {Slay+3}
   (You found it on level 3 of the Dungeon)

   Slay+3:    It affects your accuracy & damage with ranged weapons and melee
   (+3).
 e - a +0 pair of gloves (worn)
 l - a +2 helmet (worn)
Potions
 a - a potion of berserk rage {unknown}
 b - a potion of brilliance {unknown}
 f - a potion of haste {unknown}
 g - a potion of attraction {unknown}
 h - a potion of curing {unknown}
 i - a potion of mutation
 j - a potion of might {unknown}
 k - a potion of enlightenment

Dungeon Overview and Level Annotations

Branches:
Dungeon (3/15)

Altars:
The Shining One


Message History

A wyvern comes into view.
The kobold hits you with a +0 dagger. The kobold barely misses you.
The kobold hits you but does no damage. The adder bites you but does no damage.
You shoot an arrow. The arrow hits the adder.
The adder is almost dead.
The adder barely misses you. The kobold closely misses you.
The kobold barely misses you. The kobold hits you but does no damage.
You shoot an arrow. The arrow closely misses the adder.
The adder closely misses you.
The kobold hits you but does no damage. x2
The kobold hits you with a +0 whip. The adder bites you but does no damage.
You shoot an arrow. The arrow hits the adder!
You kill the adder!
The kobold hits you but does no damage. x3
You shoot an arrow. The arrow hits the kobold.
You kill the kobold!
The kobold barely misses you. The kobold hits you with a +0 club.
The wyvern barely misses you. The kobold hits you but does no damage.
The kobold barely misses you.
You shoot an arrow.
The arrow hits the wyvern but does no damage.
The wyvern bites you.
The wyvern bites you but does no damage.
The kobold hits you but does no damage. The kobold completely misses you.
You shoot an arrow. The arrow barely misses the wyvern.
The wyvern bites you! The kobold hits you with a +0 whip.
The kobold hits you but does no damage.
You shoot an arrow. The arrow hits the wyvern.
The wyvern is lightly wounded.
The wyvern closely misses you. The wyvern barely misses you.
The kobold hits you with a +0 whip. The kobold barely misses you.
You shoot an arrow. The arrow barely misses the wyvern.
The wyvern bites you. The kobold closely misses you.
The kobold barely misses you.
The wyvern bites you but does no damage.
You shoot an arrow. The arrow hits the wyvern.
The wyvern is lightly wounded.
The wyvern barely misses you. The kobold hits you but does no damage.
The kobold hits you with a +0 club. The wyvern barely misses you.
The kobold hits you with a +0 whip.
You die...

.. #. # ..## . .
##... .##.. # ..
.##....## ..#.##.
....#.... .
......K##)#.#..#..#
#.K@%.#.......#
..#.l##....#....#
#.......##.#....#
.....##.#......#..#
?.##....#...##....#
( ............#.#
...............##
##.....##...#....#
#(...# #####....##


You could see a wyvern and 2 kobolds.

Vanquished Creatures
  A phantom (D:6)
  An adder (D:6)
  A worm (D:2)
  5 endoplasms
  A giant cockroach (D:1)
  4 goblins
  7 hobgoblins
  2 quokkas (D:2)
  2 ball pythons
  3 bats (D:1)
  4 frilled lizards
  8 kobolds
  8 rats
47 creatures vanquished.

Notes
Turn   | Place    | Note
-------+----------+-------------------------------------------
     0 | D:1      | qw the Gargoyle Hunter began the quest for the Orb.
     0 | D:1      | Reached XP level 1. HP: 12/12 MP: 1/1
     0 | D:1      | 0 ||| qw: Version: 0.3-a-83-gcd0e7d8
     0 | D:1      | 0 ||| qw: Game counter: 1539
     0 | D:1      | 0 ||| qw: Melee chars always use a shield: true
     0 | D:1      | 0 ||| qw: God list: Okawaru
     0 | D:1      | 0 ||| qw: Allow faded altars: false
     0 | D:1      | 0 ||| qw: Do Orc after clearing Dungeon:15 true
     0 | D:1      | 0 ||| qw: Do second Lair branch before Depths: true
     0 | D:1      | 0 ||| qw: Lair rune preference: random
     0 | D:1      | 0 ||| qw: Goals: Normal
     0 | D:1      | 0 ||| PLANNING D:1-11
   121 | D:1      | Reached XP level 2. HP: 17/17 MP: 2/2
   395 | D:1      | 395 ||| UPGRADING to +0 pair of gloves.
   400 | D:1      | 400 ||| READING scroll labelled OJATEC VADWI.
   401 | D:1      | 401 ||| DRINKING 2 sedimented emerald potions.
   401 | D:1      | Gained mutation: You are partially covered in iridescent
                  | scales. (AC +2) [potion of mutation]
   401 | D:1      | Gained mutation: Your flesh is heat resistant. (rF+)
                  | [potion of mutation]
   402 | D:1      | 402 ||| DROPPING scroll of butterflies.
   519 | D:2      | Reached XP level 3. HP: 21/21 MP: 3/3
   530 | D:2      | Reached skill level 5 in Ranged Weapons
   567 | D:2      | Found a glowing golden altar of the Shining One.
   789 | D:2      | Found a faded altar of an unknown god.
  1211 | D:2      | 1211 ||| UPGRADING to +2 helmet.
  1216 | D:2      | 1216 ||| READING scroll labelled FIVAOHUOHI.
  1217 | D:2      | 1217 ||| READING scroll labelled VEILAOT PETE.
  1218 | D:2      | 1218 ||| DRINKING 2 white potions.
  1403 | D:3      | Identified the +5 ring mail of Cunabb {Slay+3}
  1434 | D:3      | Reached skill level 3 in Fighting
  1441 | D:3      | You fall into a shaft and drop 3 floors!
  1470 | D:6      | Noticed a phantom
  1473 | D:6      | Noticed a kobold brigand
  1474 | D:6      | 1474 ||| RETREEAATING.
  1478 | D:6      | Killed a phantom
  1479 | D:6      | Reached skill level 3 in Armour
  1479 | D:6      | Reached XP level 4. HP: 27/28 MP: 4/4
  1479 | D:6      | Reached XP level 5. HP: 31/32 MP: 5/5
  1493 | D:6      | Noticed a wyvern
  1501 | D:6      | HP: 4/32 [wyvern (5)]
  1502 | D:6      | HP: 1/32 [kobold/+0 club (3)]
  1502 | D:6      | Slain by a kobold

Levels and vault maps discovered:
D:1:      amcnicky_arrival_underground_garden, layout_rooms
D:2:      layout_basic, basic_altar, shapermc_ecumenical_altar_notcrosses,
          chequers_serial_rivers_large_b
D:3:      layout_basic, grunt_ministairs_14
D:6:      layout_rooms, lemuel_zombie_altar_yredelemnul,
          eat_drink_and_be_merry_uskayaw, minmay_temple_entry_ruins, uniq_edmund

Skill      XL: |  1  2  3 |
---------------+----------+-----
Ranged Weapons | 5 |  5.1
Fighting       | 3 |  3.0
Armour         | 3 |  3.0
Dodging        | |  1.5
Stealth        | |  1.1

Action                     |  1- 3 |  4- 6 || total
---------------------------+-------+-------++-------
   Fire: Shortbow          |   130 |    23 ||   153
    Use: Scroll            |     3 |       ||     3
         Potion            |     2 |       ||     2
 Armour: Leather armour    |    17 |    43 ||    60
  Dodge: Dodged            |    29 |    27 ||    56

Table legend:
 A = Non-vault XP
 B = Vault XP
 C = Vault XP percentage of total XP
 D = Non-vault monster count
 E = Vault monster count
 F = Vault count percentage of total count
                 A         B        C        D         E       F
            +---------+---------+-------+---------+---------+-------
      Total |     186 |       0 |   0.0 |      47 |       0 |   0.0
            +---------+---------+-------+---------+---------+-------
        D:1 |      27 |       0 |   0.0 |      18 |       0 |   0.0
        D:2 |      40 |       0 |   0.0 |      22 |       0 |   0.0
        D:3 |       4 |       0 |   0.0 |       3 |       0 |   0.0
        D:6 |     115 |       0 |   0.0 |       4 |       0 |   0.0
            +---------+---------+-------+---------+---------+-------
